 Dungeon Crawl Stone Soup version 0.32-a0-685-g93135e86f0 (webtiles) character file.

Game seed: 2815459554635544794

128 pokeman the Magician (level 4, -5/25 HPs)
             Began as a Deep Elf Hedge Wizard on Mar 13, 2024.
             Slain by an ogre
             ... wielding a +0 giant spiked club
              (30 damage)
             ... on level 4 of the Dungeon.
             The game lasted 00:04:07 (3224 turns).

pokeman the Magician (Deep Elf Hedge Wizard)        Turns: 3224, Time: 00:04:07

Health: -5/25      AC:  5    Str:  7    XL:     4   Next: 86%
Magic:  6/13       EV: 13    Int: 21    God:
Gold:   210        SH:  0    Dex: 14    Spells: 6/14 levels left

rFire   . . .        k - +2 short sword (venom)
rCold   . . .        (no shield)
rNeg    . . .        b - +0 robe
rPois   .            c - +0 hat
rElec   .            i - +2 cloak
rCorr   .            (no gloves)
SInv    .            (no boots)
Will    .....        (no amulet)
Stlth   ++           (no ring)
HPRegen 0.24/turn    (no ring)
MPRegen 0.13/turn

%: no passive effects
@: no status effects
A: no striking features
a: no special abilities


You were on level 4 of the Dungeon.
You visited 1 branch of the dungeon, and saw 4 of its levels.

You collected 210 gold pieces.

Inventory:

Hand Weapons
 k - a +2 short sword of venom (weapon)
Armour
 b - a +0 robe (worn)
 c - a +0 hat (worn)
 i - a +2 cloak (worn)
Scrolls
 a - a scroll of immolation {unknown}
 f - 5 scrolls of identify {unknown}
 g - a scroll of teleportation {unknown}
 h - a scroll of silence {unknown}
 l - a scroll of blinking {unknown}
Potions
 d - a potion of magic
 e - 2 potions of haste {unknown}
 j - a potion of degeneration {unknown}
 m - a potion of heal wounds {unknown}


   Skills:
 - Level 1.0 Fighting
 - Level 1.0 Armour
 - Level 3.0 Dodging
 + Level 2.9 Stealth
 * Level 5.8 Spellcasting
 + Level 2.5 Conjurations
 - Level 1.1 Summonings
 - Level 1.1 Translocations
 + Level 0.3 Alchemy


You had 6 spell levels left.
You knew the following spells:

 Your Spells              Type           Power      Damage    Failure   Level
a - Magic Dart            Conj           64%        1d6       3%          1
b - Mephitic Cloud        Conj/Alch/Air  10%        N/A       21%         3
c - Call Imp              Summ           20%        N/A       10%         2
d - Blink                 Tloc           20%        N/A       10%         2

Your spell library contained the following spells:

 Spells                   Type           Power      Damage    Failure   Level
 Slow                     Hex            24%        N/A       10%         1
 Cigotuvi's Dreadful Rot  Necr/Alch/Air  12%        N/A       14%         2
 Mercury Vapours          Alch/Air       12%        N/A       14%         2
 Freezing Cloud           Conj/Ice/Air   4%         6-21      89%         5


Dungeon Overview and Level Annotations

Branches:
Dungeon (4/15)
 Temple: D:4-7

Altars:
Trog
Wu Jian


Message History

The magic dart hits the ogre.
The ogre is lightly wounded.
Casting: Magic Dart (safe; 3% risk of failure)
Confirm with . or Enter, or press ? or * to list all spells.
Aiming: Magic Dart (safe; 3% risk of failure)
Press: ? - help, Shift-Dir - straight line, f/p - ogre
Aim: an ogre, wielding a +0 giant spiked club (lightly wounded, 100% to hit)
The magic dart hits the ogre.
The ogre is lightly wounded.
Casting: Magic Dart (safe; 3% risk of failure)
Confirm with . or Enter, or press ? or * to list all spells.
Aiming: Magic Dart (safe; 3% risk of failure)
Press: ? - help, Shift-Dir - straight line, f/p - ogre
Aim: an ogre, wielding a +0 giant spiked club (lightly wounded, 100% to hit)
The magic dart hits the ogre.
The ogre is moderately wounded.
Casting: Magic Dart (safe; 3% risk of failure)
Confirm with . or Enter, or press ? or * to list all spells.
Aiming: Magic Dart (safe; 3% risk of failure)
Press: ? - help, Shift-Dir - straight line, f/p - ogre
Aim: an ogre, wielding a +0 giant spiked club (moderately wounded, 100% to hit)
The magic dart hits the ogre.
The ogre is moderately wounded.
Casting: Magic Dart (safe; 3% risk of failure)
Confirm with . or Enter, or press ? or * to list all spells.
Aiming: Mephitic Cloud (extremely dangerous; 21% risk of failure)
Press: ? - help, Shift-Dir - straight line, f/p - ogre
Aim: an ogre, wielding a +0 giant spiked club (moderately wounded, chance to affect: 77%)
The ball explodes into a vile cloud!
The stinking cloud engulfs the ogre.
The ogre is moderately wounded.
You hear a bark!
The ogre is engulfed in noxious fumes.
An endoplasm comes into view.
Unknown command.
You hit the ogre.
The ogre is poisoned.
The ogre is heavily wounded.
The ogre is engulfed in noxious fumes.
The ogre appears confused.
The ogre hits you with a +0 giant spiked club!!
Ouch! That really hurt!
You die...

## ##
#.###.#
#<#..#
######..#
.........#
########@#
#O# .§.
#§!## #.>#
#..# #..#
#.J#


You could see an ogre (confused, very poisoned) and an endoplasm.

Vanquished Creatures
  4 adders
  3 dart slugs (D:1)
  4 ribbon worms
  6 ball pythons
  7 bats
  10 endoplasms
  2 giant cockroaches (D:3)
  8 goblins
  9 hobgoblins
  4 quokkas
  A frilled lizard (D:3)
  7 kobolds
  6 rats
71 creatures vanquished.

Notes
Turn   | Place    | Note
-------+----------+-------------------------------------------
     0 | D:1      | pokeman the Deep Elf Hedge Wizard began the quest for the
                  | Orb.
     0 | D:1      | Reached XP level 1. HP: 10/10 MP: 7/7
   272 | D:1      | Reached XP level 2. HP: 15/15 MP: 4/9
   696 | D:1      | Found a faded altar of an unknown god.
   719 | D:1      | Reached skill level 5 in Spellcasting
   869 | D:1      | Reached XP level 3. HP: 20/20 MP: 7/11
   873 | D:1      | Learned a level 3 spell: Mephitic Cloud
   876 | D:1      | Learned a level 2 spell: Call Imp
   879 | D:1      | Learned a level 2 spell: Blink
  1377 | D:2      | Reached skill level 1 in Armour
  1519 | D:2      | Reached skill level 1 in Fighting
  2066 | D:2      | Reached XP level 4. HP: 25/25 MP: 7/13
  2558 | D:3      | Found an ornate altar of the Wu Jian Council.
  2954 | D:3      | Found a bloodstained altar of Trog.
  3218 | D:4      | Noticed an ogre
  3224 | D:4      | Slain by an ogre

Illustrated notes

Levels and vault maps discovered:
D:1:      heliophobic_arrival_dark_side_of_the_moon, layout_loops_ring,
          ebering_ecumenical_altar_webs, minmay_misc_feat_x
D:2:      layout_rooms
D:3:      layout_rooms, lemuel_coloured_pillars_altar, amcnicky_altar_gilded,
          nrook_mini_backslash
D:4:      layout_loops_ring, lightli_temple_of_fire, uniq_duvessa

Skill      XL: |  1  2  3  4 |
---------------+-------------+-----
Spellcasting   | 5 |  5.8
Armour         | 1 |  1.0
Fighting       | 1 |  1.0
Conjurations   | 2 |  2.5
Dodging        | 3 |  3.0
Stealth        | |  2.9
Summonings     | |  1.1
Translocations | |  1.1
Alchemy        | |  0.3

Action                     |  1- 3 |  4- 6 || total
---------------------------+-------+-------++-------
  Melee: Short sword       |       |    19 ||    19
   Cast: Magic Dart        |   120 |    51 ||   171
         Mephitic Cloud    |       |     4 ||     4
 Armour: Robe              |     6 |    16 ||    22
  Dodge: Dodged            |     6 |    12 ||    18

Table legend: (Time is in decaauts)
 A = Elapsed time spent in this place.
 B = Non-inter-level travel time spent in this place.
 C = Inter-level travel time spent in this place.
 D = Time resting spent in this place.
 E = Time spent auto-exploring this place.
 F = Levels seen in this place.
 G = Mean time per level.
                   A        B        C        D        E       F      G
               +--------+--------+--------+--------+--------+-----+--------+
         Total |   3224 |   3115 |    109 |    152 |   2594 |   4 |  806.0 |
       Dungeon |   3224 |   3115 |    109 |    152 |   2594 |   4 |  806.0 |
               +--------+--------+--------+--------+--------+-----+--------+

Top non-repeatable levels by time:
     D:1: 1444 daAuts
     D:2: 1040 daAuts
     D:3: 731 daAuts
     D:4: 8 daAuts
